 Dungeon Crawl Stone Soup version 0.18.1-50-g88ac8fd (webtiles) character file.

12844 Kokiki the Unseen (level 11, -1/76 HPs)
             Began as a Vampire Enchanter on Sept 17, 2016.
             Was a Believer of Dithmenos.
             Slain by a white ugly thing (25 damage)
             ... on level 12 of the Dungeon.
             The game lasted 01:06:30 (10232 turns).

Kokiki the Unseen (Vampire Enchanter)              Turns: 10232, Time: 01:06:31

Health: -1/76      AC:  8    Str: 11    XL:     11   Next: 67%
Magic:  11/20      EV: 16    Int: 18    God:    Dithmenos [**....]
Gold:   653        SH:  0    Dex: 18    Spells: 8 memorised, 3 levels left

rFire  + . .     SeeInvis +     e - +0 dagger (venom)
rCold  . . .     Gourm    .     y - +1 robe {MR+}
rNeg   + . .     Faith    .     (no shield)
rPois  .         Spirit   .     a - +0 helmet of Subjectivity {Str+4}
rElec  .         Dismiss  .     f - +0 cloak
rCorr  .         Reflect  .     (no gloves)
SustAt .         Harm     .     p - +2 pair of boots
MR     ++...                    B - amulet of regeneration
Stlth  ++++++++++               l - ring of positive energy
                                g - ring of protection from fire

@: very slightly contaminated, regenerating quickly, wreathed by umbra, very
resistant to hostile enchantments, uncannily stealthy
A: fangs 3, see invisible, unbreathing
a: Shadow Step, Renounce Religion


You were on level 12 of the Dungeon.
You worshipped Dithmenos.
Dithmenos was pleased with you.
You were very full.

You visited 1 branch of the dungeon, and saw 12 of its levels.

You collected 737 gold pieces.
You spent 84 gold pieces at shops.

Inventory:

Hand Weapons
 e - a +0 dagger of venom (weapon)
 q - a +0 blowgun
 Q - a cursed -1 dagger
Missiles
 r - 46 poisoned needles
Armour
 a - the +0 helmet of Subjectivity (worn) {Str+4}
   (You took it off Robin on level 3 of the Dungeon)

   It affects your strength (+4).
 f - a +0 cloak (worn)
 p - a +2 pair of boots (worn)
 y - a +1 robe of magic resistance (worn)
Jewellery
 g - a ring of protection from fire (left hand)
 l - a ring of positive energy (right hand)
 s - a +6 ring of evasion {unknown}
 t - an uncursed ring of ice
 v - an uncursed amulet of rage
 x - an uncursed amulet of dismissal
 B - an amulet of regeneration (around neck)
 E - an uncursed ring of resist corrosion
 L - a cursed ring of loudness {unknown}
 M - a cursed ring of loudness {unknown}
Wands
 h - a wand of slowing (23/48)
 k - a wand of polymorph (6/24)
 u - a wand of enslavement (5/24)
 z - a wand of teleportation (9/9)
 C - a wand of paralysis (16/24)
 I - a wand of disintegration (13/24)
 J - a wand of acid (3/15)
 P - a wand of iceblast (6/15)
 R - a wand of polymorph (10/24)
 S - a wand of digging (10/24)
Scrolls
 i - 3 scrolls of fear
 m - 5 scrolls of amnesia
 o - 2 scrolls of remove curse
 F - 2 scrolls of teleportation
 U - a scroll of noise {unknown}
Potions
 j - 3 potions of curing
 n - 3 potions of flight {unknown}
 w - a potion of might {unknown}
 A - a potion of brilliance
 D - 2 potions of haste
 N - a potion of magic
 W - a potion of ambrosia {unknown}
Books
 b - a book of Necromancy

   Spells                             Type                      Level
   a - Pain                           Necromancy                   1
   b - Animate Skeleton               Necromancy                   1
   c - Vampiric Draining              Necromancy                   3
   d - Regeneration                   Charms/Necromancy            3
   e - Animate Dead                   Necromancy                   4
   f - Control Undead                 Necromancy                   4
 c - a book of Maledictions

   Spells                             Type                      Level
   a - Corona                         Hexes                        1
   b - Ensorcelled Hibernation        Hexes/Ice                    2
   c - Confuse                        Hexes                        3
   d - Tukima's Dance                 Hexes                        3
   e - Dazzling Spray                 Conjuration/Hexes            3
 d - a book of Party Tricks

   Spells                             Type                      Level
   a - Summon Butterflies             Summoning                    1
   b - Apportation                    Translocation                1
   c - Tukima's Dance                 Hexes                        3
   d - Alistair's Intoxication        Transmutation/Poison         5
   e - Invisibility                   Hexes                        6
 H - the Reference Book on Darkness
   (You found it on level 10 of the Dungeon)

   Spells                             Type                      Level
   a - Sublimation of Blood           Necromancy                   2
   b - Vampiric Draining              Necromancy                   3
   c - Bolt of Draining               Conjuration/Necromancy       5
   d - Agony                          Necromancy                   5
   e - Cigotuvi's Embrace             Necromancy                   5
 O - a book of Clouds

   Spells                             Type                      Level
   a - Mephitic Cloud                 Conjuration/Poison/Air       3
   b - Conjure Flame                  Conjuration/Fire             3
   c - Poisonous Cloud                Conjuration/Poison/Air       6
   d - Freezing Cloud                 Conjuration/Ice/Air          6
   e - Ring of Flames                 Charms/Fire                  7
Miscellaneous
 G - a sack of spiders
 K - a lamp of fire
 T - a crystal ball of energy
 V - a legendary deck of changes


   Skills:
 * Level 3.7 Fighting
 + Level 3.2 Short Blades
 + Level 1.3 Throwing
 + Level 5.7 Dodging
 * Level 18.8 Stealth
 + Level 6.6 Spellcasting
 * Level 11.1 Hexes
 - Level 3.0 Necromancy
 + Level 4.4 Ice Magic


You had 3 spell levels left.
You knew the following spells:

 Your Spells              Type           Power        Failure   Level  Hunger
a - Corona                Hex            #####..      1%          1    None
b - Ensorcelled Hibernat  Hex/Ice        ####..       1%          2    None
c - Confuse               Hex            #####...     1%          3    ##.....
d - Dazzling Spray        Conj/Hex       ####..       3%          3    ##.....
e - Tukima's Dance        Hex            #####...     1%          3    ##.....
f - Regeneration          Chrm/Necr      ##........   21%         3    ##.....
g - Vampiric Draining     Necr           ###.......   12%         3    ##.....
h - Sublimation of Blood  Necr           ###.......   6%          2    None


Dungeon Overview and Level Annotations

Branches:
Dungeon (12/15)            Temple (0/1) D:7            Lair (0/8) D:11
    Orc (0/2) D:12

Altars:
Cheibriados
Dithmenos
Fedhas
Gozag
Kikubaaqudgha
Makhleb
Nemelex Xobeh
Pakellas
Ru
Sif Muna
Trog
Xom
Beogh

Shops:
D:5 }

Portals:
Labyrinth: D:12


Innate Abilities, Weirdness & Mutations

Your natural rate of healing is unusually fast.
You have razor-sharp teeth.
You have supernaturally acute eyesight.
You can survive without breathing.


Message History

You miscast Regeneration.
You are very lightly contaminated with residual magic.
The world around you seems to dim momentarily.
The white ugly thing barely misses you.
Casting: Regeneration
Confirm with . or Enter, or press ? or * to list all spells.
Aiming: Vampiric Draining
Press: ? - help, Shift-Dir - straight line, f - white ugly thing
Aim: a white ugly thing (umbra)
You miscast Vampiric Draining.
You feel very uncomfortable. The white ugly thing barely misses you.
Casting: Vampiric Draining
Confirm with . or Enter, or press ? or * to list all spells.
Aiming: Vampiric Draining
Press: ? - help, Shift-Dir - straight line, f/p - white ugly thing
Aim: a white ugly thing (umbra)
The white ugly thing is lightly wounded.
You feel life coursing into your body. The white ugly thing bites you!
The white ugly thing freezes you!!
You die...

..##.##.....# #.# #(# #..
..##.##.....# #.# #.# #..
..##.######## #.# #.###.#
......<#.# #.########......
..##.#)#.# #.......).[###.#
...#.#.#.##################†#
#.# .#.#.............#
#...#.# .....#...#######.#
###.#.# .###.#..## #@# .#.#
.# #....# #u# #.# .###.#..#
#.# #.# .....#..# #.#
...###..# #.# ...# #..# #.#
.#... #.# ...## ... #### #.#


You could see a white ugly thing.

Vanquished Creatures
  A hydra (D:11)
  An unseen horror (D:11)
  4 hill giants
  A cyclops (D:12)
  2 ugly things
  The ghost of letownia the Magician, a novice OpWz of Gozag (D:6)
  A centaur zombie (D:10)
  A gargoyle (D:10)
  2 komodo dragons (D:10)
  2 trolls
  Grinder (D:3)
  A boulder beetle (D:9)
  Sigmund (D:3)
  A basilisk (D:10)
  Eustachio (D:4)
  2 hippogriffs
  3 hungry ghosts
  Menkaure (D:6)
  4 orc warriors
  A sky beast (D:8)
  5 ice beasts
  A phantom (D:8)
  The ghost of nost the Skirmisher, an amateur DrBe of Trog (D:3)
  3 necrophages
  An eye of draining (D:10)
  6 ogres
  4 centaurs
  A water moccasin zombie (D:11)
  4 giant frogs
  A wyvern zombie (D:8)
  4 scorpions
  4 killer bees (D:11)
  4 wights (D:11)
  9 howler monkeys
  3 crimson imps
  3 hounds
  A giant frog zombie (D:8)
  A quasit (D:7)
  2 giant frog skeletons
  6 orc priests
  2 centaur skeletons
  A jelly (D:12)
  3 iguanas
  Ijyb (D:3)
  13 orc wizards
  5 worker ants
  A killer bee zombie (D:11)
  2 hound zombies
  A hound skeleton (D:6)
  A howler monkey zombie (D:8)
  Robin (D:3)
  A worker ant zombie (D:10)
  13 adders
  7 gnolls
  2 shadow imps
  An ooze (D:1)
  6 worms
  4 dart slugs
  5 giant geckos
  27 orcs
  A ball python (D:1)
  7 giant cockroaches
  20 goblins
  9 hobgoblins
  7 jackals
  2 quokkas
  10 bats
  3 giant newts
  5 kobolds
  10 rats
267 creatures vanquished.

Vanquished Creatures (collateral kills)
  An ogre (D:5)
1 creature vanquished.

Vanquished Creatures (others)
  An orc (D:7)
  3 withered plants (D:11)
4 creatures vanquished.

Grand Total: 272 creatures vanquished

Notes
Turn   | Place    | Note
--------------------------------------------------------------
     0 | D:1      | Kokiki the Vampire Enchanter began the quest for the Orb.
     0 | D:1      | Reached XP level 1. HP: 13/13 MP: 3/3
   290 | D:1      | Reached XP level 2. HP: 9/19 MP: 5/5
   299 | D:1      | Learned a level 2 spell: Ensorcelled Hibernation
   485 | D:1      | Reached skill level 5 in Stealth
   558 | D:1      | Reached XP level 3. HP: 24/24 MP: 1/6
   590 | D:1      | Learned a level 3 spell: Confuse
   964 | D:2      | Found a blossoming altar of Fedhas.
  1030 | D:2      | Reached skill level 6 in Stealth
  1030 | D:2      | Reached skill level 5 in Hexes
  1030 | D:2      | Reached XP level 4. HP: 30/30 MP: 7/7
  1432 | D:3      | Noticed Ijyb
  1478 | D:3      | Killed Ijyb
  1567 | D:3      | Reached skill level 1 in Ice Magic
  1791 | D:3      | Reached XP level 5. HP: 36/36 MP: 0/8
  1804 | D:3      | Reached skill level 7 in Stealth
  1972 | D:3      | Noticed Sigmund
  1973 | D:3      | Noticed nost's ghost (amateur DrBe)
  2117 | D:3      | Found an oddly glowing altar of Pakellas.
  2384 | D:3      | Learned a level 3 spell: Dazzling Spray
  2415 | D:3      | Killed Sigmund
  2415 | D:3      | Reached skill level 8 in Stealth
  2415 | D:3      | Reached XP level 6. HP: 33/42 MP: 6/10
  2456 | D:3      | Found a sparkling altar of Nemelex Xobeh.
  2457 | D:3      | Noticed Grinder
  2500 | D:3      | Paralysed by Grinder for 6 turns
  2735 | D:3      | Killed Grinder
  2735 | D:3      | Reached skill level 9 in Stealth
  2735 | D:3      | Reached XP level 7. HP: 47/47 MP: 6/12
  2860 | D:3      | Killed nost's ghost
  2905 | D:3      | Noticed Robin
  2919 | D:3      | Killed Robin
  2923 | D:3      | Got an encrusted helmet
  2929 | D:3      | Identified the +0 helmet of Subjectivity {Str+4} (You took it off Robin on level 3 of the Dungeon)
  2973 | D:4      | Gained mutation: You are robust (+10% HP). [potion of mutation]
  2973 | D:4      | Gained mutation: You expend magic power (3 MP) to strengthen your wands. [potion of mutation]
  2973 | D:4      | Gained mutation: You have sharp toenails. [potion of mutation]
  2985 | D:4      | Learned a level 3 spell: Tukima's Dance
  3115 | D:4      | Found a snail-covered altar of Cheibriados.
  3467 | D:4      | Noticed Eustachio
  3471 | D:4      | Killed Eustachio
  3471 | D:4      | Reached skill level 1 in Throwing
  3471 | D:4      | Reached skill level 10 in Stealth
  3642 | D:4      | Found a burning altar of Makhleb.
  3719 | D:5      | Entered Level 5 of the Dungeon
  3719 | D:5      | Found Yserink's Gadget Emporium.
  3722 | D:5      | Bought a wand of enslavement (5/24) for 84 gold pieces
  3825 | D:5      | Reached XP level 8. HP: 58/58 MP: 13/13
  3833 | D:5      | Reached skill level 1 in Fighting
  3845 | D:5      | Reached skill level 11 in Stealth
  4738 | D:6      | Noticed Menkaure
  4740 | D:6      | Reached skill level 12 in Stealth
  4746 | D:6      | Killed Menkaure
  4823 | D:6      | Found a shadowy altar of Dithmenos.
  4845 | D:6      | Noticed letownia's ghost (novice OpWz)
  4955 | D:5      | Lost mutation: You expend magic power (3 MP) to strengthen your wands. [potion of cure mutation]
  4955 | D:5      | Lost mutation: You have sharp toenails. [potion of cure mutation]
  4955 | D:5      | Lost mutation: You are robust (+10% HP). [potion of cure mutation]
  5051 | D:6      | Killed letownia's ghost
  5051 | D:6      | Reached skill level 13 in Stealth
  5051 | D:6      | Reached XP level 9. HP: 44/59 MP: 4/16
  5112 | D:6      | Learned a level 3 spell: Regeneration
  5114 | D:6      | Became a worshipper of Dithmenos the Shadowed
  5387 | D:7      | Found a staircase to the Ecumenical Temple.
  5541 | D:7      | Reached skill level 1 in Necromancy
  6095 | D:8      | Found a sacrificial altar of Ru.
  6237 | D:8      | Noticed a hill giant
  6261 | D:8      | Killed a hill giant
  6261 | D:8      | Reached skill level 14 in Stealth
  6261 | D:8      | Reached skill level 5 in Spellcasting
  6626 | D:8      | Found an ancient bone altar of Kikubaaqudgha.
  6773 | D:8      | Found an opulent altar of Gozag.
  6778 | D:8      | Learned a level 3 spell: Vampiric Draining
  6978 | D:8      | Found a shimmering altar of Xom.
  7059 | D:9      | Reached * piety under Dithmenos
  7067 | D:9      | Reached XP level 10. HP: 67/67 MP: 18/18
  7116 | D:9      | Reached skill level 15 in Stealth
  7398 | D:9      | Found a deep blue altar of Sif Muna.
  7709 | D:9      | Reached skill level 5 in Dodging
  7762 | D:9      | Found a bloodstained altar of Trog.
  7798 | D:9      | Noticed a white ugly thing
  7820 | D:9      | Killed a white ugly thing
  8196 | D:10     | Entered Level 10 of the Dungeon
  8212 | D:10     | Reached skill level 10 in Hexes
  8215 | D:10     | Reached skill level 16 in Stealth
  8244 | D:10     | Noticed a gargoyle
  8252 | D:10     | Killed a gargoyle
  8621 | D:10     | Noticed a hill giant
  8628 | D:10     | Killed a hill giant
  8628 | D:10     | Reached ** piety under Dithmenos
  8641 | D:10     | Noticed a hill giant
  8652 | D:10     | Killed a hill giant
  8652 | D:10     | Reached skill level 17 in Stealth
  8652 | D:10     | Reached XP level 11. HP: 73/73 MP: 13/20
  8665 | D:10     | Identified the Reference Book on Darkness
  8669 | D:10     | Learned a level 2 spell: Sublimation of Blood
  9246 | D:11     | Noticed an unseen horror
  9251 | D:11     | Killed an unseen horror
  9484 | D:11     | Noticed a five-headed hydra
  9489 | D:11     | Killed a five-headed hydra
  9489 | D:11     | Reached skill level 18 in Stealth
  9607 | D:11     | Found a staircase to the Lair.
  9841 | D:12     | Noticed a hill giant
  9845 | D:12     | Noticed a purple ugly thing
  9848 | D:12     | Killed a hill giant
  9849 | D:12     | Killed a purple ugly thing
  9932 | D:12     | Found a staircase to the Orcish Mines.
  9986 | D:12     | Found a roughly hewn altar of Beogh.
 10138 | D:12     | Found a labyrinth entrance.
 10223 | D:12     | Noticed a white ugly thing
 10232 | D:12     | Slain by a white ugly thing

Skill      XL: |  1  2  3  4  5  6  7  8  9 10 11 |
---------------+----------------------------------+-----
Stealth        | 5 6 8 9 10 13 14 17 18 | 18.8
Hexes          | 5 6 7 9 10 11 | 11.1
Ice Magic      | 1 2 3 4 |  4.4
Dodging        | 3 4 5 |  5.7
Spellcasting   | 3 4 5 6 |  6.6
Short Blades   | 2 3 |  3.2
Throwing       | 1 |  1.3
Fighting       | 1 2 3 |  3.7
Necromancy     | 2 3 |  3.0

Action                   |  1- 3 |  4- 6 |  7- 9 | 10-12 || total
-------------------------+-------+-------+-------+-------++-------
Melee: Dagger            |   108 |   105 |   263 |   169 ||   645
       Bite              |     8 |    13 |    19 |    16 ||    56
       Unarmed           |       |    26 |       |       ||    26
 Fire: Blowgun           |       |    10 |    14 |     3 ||    27
 Cast: Ensorcelled Hiber |    15 |    26 |    56 |    49 ||   146
       Confuse           |       |     6 |    26 |    11 ||    43
       Tukima's Dance    |       |       |     9 |     1 ||    10
       Corona            |       |       |     2 |       ||     2
       Dazzling Spray    |       |       |     6 |     7 ||    13
       Regeneration      |       |       |     1 |     1 ||     2
       Vampiric Draining |       |       |       |     1 ||     1
Invok: Shadow Step       |       |       |       |     1 ||     1
 Abil: End Transformatio |       |       |     4 |       ||     4
       Bat Form          |       |       |     4 |       ||     4
  Use: Scroll            |     2 |     6 |     8 |     8 ||    24
       Potion            |     1 |     1 |     8 |     2 ||    12
 Stab: Sleeping          |    19 |    27 |    49 |    70 ||   165
       Confused          |       |     3 |    13 |     9 ||    25
       Distracted        |       |     1 |       |     2 ||     3
       Invisible         |       |       |       |     1 ||     1
  Eat: Corpse            |    11 |    13 |    20 |    20 ||    64
Armor: Robe              |    30 |    10 |    46 |    25 ||   111
Dodge: Dodged            |    72 |    46 |   167 |   102 ||   387
